 Dungeon Crawl Stone Soup version 0.28.0-62-gf88900778d (webtiles) character file.

Game seed: 12625442106108547912

10613 cbfl8 the Cleaver (level 11, -1/97 HPs)
             Began as a Minotaur Fighter on Sept 6, 2023.
             Was a Priest of Hepliaklqana.
             Shot with an arrow by Nessos (15 damage)
             ... on level 12 of the Dungeon.
             The game lasted 00:10:55 (13936 turns).

cbfl8 the Cleaver (Minotaur Fighter)               Turns: 13936, Time: 00:10:56

Health: -1/97      AC: 22    Str: 20    XL:     11   Next: 38%
Magic:  10/10      EV:  6    Int:  5    God:    Hepliaklqana [***...]
Gold:   1727       SH:  6    Dex: 15    Spells: 10/10 levels left

rFire   . . .      SeeInvis .   u - +2 war axe
rCold   + . .      Faith    .   c - +0 buckler
rNeg    . . .      Spirit   .   w - +1 plate armour {rC+}
rPois   .          Reflect  .   (helmet unavailable)
rElec   .          Harm     .   e - +0 cloak
rCorr   .          Rampage  .   (no gloves)
Will    .....                   x - +0 pair of boots
Stlth   ..........              (no amulet)
HPRegen 0.26/turn               n - ring of wizardry
MPRegen 0.12/turn               (no ring)

@: about to teleport, marked, slowed, very slow
A: reduced essence, horns 3, retaliatory headbutt, iridescent scales 2, robust 1
a: Renounce Religion, Recall Ancestor, Ancestor Identity, Transference


You were on level 12 of the Dungeon.
You worshipped Hepliaklqana.
Hepliaklqana was most pleased with you.
You visited 2 branches of the dungeon, and saw 13 of its levels.

You collected 1727 gold pieces.

Inventory:

Hand Weapons
 u - a +2 war axe (weapon)
Missiles
 m - a throwing net (quivered)
Armour
 c - a +0 buckler (worn)
 e - a +0 cloak (worn)
 o - the +1 chain mail "Maunu" {Str+8 Int+9 Dex-5}
   (You found it on level 8 of the Dungeon)

   Str:       It affects your strength (+8).
   Int:       It affects your intelligence (+9).
   Dex:       It affects your dexterity (-5).
 w - a +1 plate armour of cold resistance (worn)
 x - a +0 pair of boots (worn)
Jewellery
 n - a ring of wizardry (left hand)
Wands
 d - a wand of charming (6)
 p - a wand of flame (31)
Scrolls
 f - a scroll of blinking
 g - 2 scrolls of fear
 i - a scroll of enchant weapon
 j - 4 scrolls of teleportation
 k - a scroll of fog
 s - a scroll of magic mapping
 y - a scroll of summoning {unknown}
Potions
 h - 2 potions of haste
 l - a potion of flight
 q - 2 potions of ambrosia
 r - a potion of resistance
 t - a potion of might
 v - a potion of brilliance


   Skills:
 + Level 9.3 Fighting
 + Level 13.1 Axes
 + Level 10.6 Armour
 + Level 7.0 Shields
 * Level 7.3 Evocations


You had 10 spell levels left.
You didn't know any spells.
Your spell library contained the following spells:

 Spells                   Type           Power      Damage    Failure   Level
 Magic Dart               Conj           0%         1d3       98%         1
 Summon Small Mammal      Summ           0%         N/A       98%         1
 Call Imp                 Summ           0%         N/A       99%         2
 Corpse Rot               Necr/Air       0%         N/A       99%         2
 Call Canine Familiar     Summ           0%         N/A       100%        3
 Frozen Ramparts          Ice            0%         1d2       100%        3
 Gell's Gravitas          Tloc           0%         N/A       100%        3
 Lesser Beckoning         Tloc           0%         N/A       100%        3
 Mephitic Cloud           Conj/Pois/Air  0%         N/A       100%        3
 Summon Guardian Golem    Hex/Summ       0%         N/A       100%        3
 Teleport Other           Tloc           0%         N/A       100%        3
 Dispel Undead            Necr           0%         3d6       100%        4
 Ice Form                 Ice/Tmut       0%         N/A       100%        4
 Summon Ice Beast         Ice/Summ       0%         N/A       100%        4
 Death Channel            Necr           0%         N/A       100%        6


Dungeon Overview and Level Annotations

Branches:
Dungeon (11/15)            Temple (1/1) D:6            Lair (0/6) D:9
    Orc (0/2) D:10

Altars:
Ashenzari
Cheibriados
Dithmenos
Elyvilon
Fedhas
Gozag
Hepliaklqana
Kikubaaqudgha
Makhleb
Nemelex Xobeh
Okawaru
Qazlal
Ru
Sif Muna
Trog
Uskayaw
Vehumet
Wu Jian
Xom
Yredelemnul
Zin
The Shining One

Shops:
D:2 [   D:5 :   D:7 (

Annotations:
D:9 2 transporters
D:12 Nessos


Innate Abilities, Weirdness & Mutations

Your life essence is reduced to manifest your ancestor. (-10% HP)
You have a pair of large horns on your head.
You reflexively headbutt those who attack you in melee.
You are mostly covered in iridescent scales. (AC +4)
You are robust. (+10% HP)


Message History

A sentinel's mark forms upon you.
The centaur shouts!
You hear a shout! x2; You hear two shouts!
You hear an angry buzzing noise. x2
The centaur barely misses you.
The centaur kicks you but does no damage.
As you read the scroll of teleportation, it crumbles to dust.
You feel strangely unstable. The wraith hits you but does no damage.
You block the centaur's attack.
The centaur kicks you but does no damage.
Unknown command.
Found 9 gold pieces.
The centaur hits you.
* * * LOW HITPOINT WARNING * * *
The centaur kicks you but does no damage.
You block the wraith's attack.
Nessos shoots an arrow.
The arrow hits you!
* * * LOW HITPOINT WARNING * * *
The arrow burns you.
You are poisoned.
* * * LOW HITPOINT WARNING * * *
The centaur barely misses you.
The centaur kicks you but does no damage.
You feel better.
Nessos shoots an arrow.
You block the arrow.
Nessos shoots an arrow.
The arrow hits you.
* * * LOW HITPOINT WARNING * * *
The arrow burns you.
You are poisoned.
* * * LOW HITPOINT WARNING * * *
The wraith hits you.
* * * LOW HITPOINT WARNING * * *
The wraith drains your vigour!
You feel yourself slow down. The centaur hits you.
* * * LOW HITPOINT WARNING * * *
The centaur kicks you but does no damage.
You feel better.
Nessos shoots an arrow.
The arrow hits you.
* * * LOW HITPOINT WARNING * * *
The arrow burns you.
* * * LOW HITPOINT WARNING * * *
Nessos shoots an arrow.
You block the arrow. The centaur barely misses you.
The centaur kicks you but does no damage.
Nessos shoots an arrow.
The arrow hits you!
You die...

.. .# .# # .# #$ .# #.##
######.# #...## #....c.#
####.#..#######.####.#
...?...@......c........
.......cW.............≈≈
....................≈.S≈
...................≈≈≈≈≈
###################≈≈S≈≈
##≈≈≈ ≈≈


You could see Nessos (fast), a wraith and a centaur.

Vanquished Creatures
  Gastronok (D:8)
  Josephine (D:10)
  3 centaur zombies
  A gargoyle (D:11)
  Maggie (D:7)
  5 wraiths (D:10)
  A vampire (D:10)
  A wyvern (D:8)
  2 steam dragons
  A water moccasin (D:5)
  5 orc warriors
  A sky beast (D:5)
  2 ice beasts (D:6)
  A black bear (D:5)
  3 ogres
  A necrophage (D:7)
  2 centaurs
  2 kobold brigands
  2 bullfrogs
  3 scorpions
  A water moccasin zombie (D:5)
  A water moccasin skeleton (D:6)
  9 killer bees
  9 wights
  2 howler monkeys (D:6)
  4 hounds
  A centaur skeleton (D:4)
  3 orc priests
  2 bullfrog skeletons (D:6)
  2 iguanas
  5 orc wizards
  2 killer bee zombies
  A howler monkey zombie (D:10)
  10 gnolls
  8 adders
  A shadow imp (D:7)
  2 white imps
  2 worms (D:2)
  A dart slug (D:1)
  24 orcs
  5 bats
  7 endoplasms
  7 giant cockroaches
  5 goblins
  8 hobgoblins
  6 jackals
  4 quokkas
  12 ball pythons
  4 frilled lizards
  2 jackal skeletons
  16 kobolds
  8 rats
213 creatures vanquished.

Vanquished Creatures (collateral kills)
  A two-headed ogre (D:11)
  Nergalle (D:10)
  A centaur zombie (D:11)
  Psyche (D:8)
  A troll (D:11)
  A wyvern (D:11)
  An acid dragon (D:11)
  An orc warrior (D:10)
  A centaur (D:11)
  3 wights (D:9)
  A hound (D:7)
  A jelly (D:8)
  A gnoll shaman (D:8)
  6 orc wizards
  3 orcs (D:10)
24 creatures vanquished.

Vanquished Creatures (others)
  An unseen horror (D:12)
  A battlemage (D:10)
  2 ancestors
4 creatures vanquished.

Grand Total: 241 creatures vanquished

Notes
Turn   | Place    | Note
-------+----------+-------------------------------------------
     0 | D:1      | cbfl8 the Minotaur Fighter began the quest for the Orb.
     0 | D:1      | Reached XP level 1. HP: 19/19 MP: 0/0
   223 | D:1      | Found a faded altar of an unknown god.
   241 | D:1      | Reached XP level 2. HP: 27/27 MP: 1/1
   533 | D:1      | Reached skill level 1 in Evocations
   676 | D:1      | Reached XP level 3. HP: 33/33 MP: 2/2
  1083 | D:2      | Reached skill level 3 in Axes
  1286 | D:2      | Reached XP level 4. HP: 40/40 MP: 3/3
  1450 | D:2      | Found Utocuas's Antique Armour Boutique.
  2360 | D:3      | Identified the +1 robe of the Solstice {Fly rCorr Stlth+}
  2710 | D:3      | Reached skill level 4 in Axes
  2820 | D:3      | Reached XP level 5. HP: 44/46 MP: 4/4
  3510 | D:4      | Gained mutation: You are partially covered in iridescent
                  | scales. (AC +2) [potion of mutation]
  3510 | D:4      | Gained mutation: You are mostly covered in iridescent
                  | scales. (AC +4) [potion of mutation]
  3510 | D:4      | Gained mutation: You are robust. (+10% HP) [potion of
                  | mutation]
  3510 | D:4      | Gained mutation: You have a pair of large horns on your
                  | head. [potion of mutation]
  3690 | D:4      | Reached skill level 5 in Axes
  3690 | D:4      | Reached XP level 6. HP: 50/58 MP: 5/5
  4052 | D:5      | Entered Level 5 of the Dungeon
  4136 | D:5      | Reached skill level 5 in Armour
  4372 | D:5      | Noticed a sky beast
  4386 | D:5      | Reached skill level 6 in Axes
  4386 | D:5      | Reached XP level 7. HP: 27/66 MP: 6/6
  4728 | D:5      | Found Bideohes's Book Boutique.
  4777 | D:5      | Reached skill level 5 in Fighting
  4806 | D:5      | Reached skill level 7 in Axes
  5109 | D:4      | HP: 1/67 [ogre/+0 giant spiked club (27)]
  5588 | D:5      | Reached skill level 5 in Shields
  5588 | D:5      | Reached XP level 8. HP: 68/75 MP: 7/7
  5784 | D:5      | Found a shimmering blue altar of Sif Muna.
  5914 | D:6      | Reached skill level 8 in Axes
  5976 | D:6      | Found a staircase to the Ecumenical Temple.
  6002 | Temple   | Entered the Ecumenical Temple
  6110 | Temple   | Became a worshipper of Hepliaklqana the Forgotten
  6456 | D:6      | Reached skill level 9 in Axes
  6633 | D:6      | Reached XP level 9. HP: 84/84 MP: 8/8
  7014 | D:7      | Found Guocau's Antique Weapon Boutique.
  7549 | D:7      | Reached skill level 5 in Evocations
  8193 | D:7      | Reached * piety under Hepliaklqana
  8314 | D:7      | Noticed Maggie
  8326 | D:7      | Killed Maggie
  8327 | D:7      | Reached skill level 10 in Axes
  8719 | D:7      | Identified a scroll of acquirement
  8720 | D:7      | Acquired 1122 gold pieces
  8839 | D:8      | Noticed Gastronok
  9109 | D:8      | Identified the +1 chain mail "Maunu" {Str+8 Int+9 Dex-5}
  9126 | D:8      | Noticed Psyche
  9133 | D:8      | Killed Psyche
  9325 | D:8      | Killed Gastronok
  9326 | D:8      | Reached skill level 11 in Axes
  9326 | D:8      | Reached XP level 10. HP: 54/88 MP: 9/9
 10718 | D:9      | Reached ** piety under Hepliaklqana
 10719 | D:9      | Remembered your ancestor Valentine as a battlemage
 10862 | D:9      | Found a transporter.
 10864 | D:9      | Noticed an orc high priest
 10872 | D:9      | Found a transporter.
 10883 | D:9      | Noticed an orc sorcerer
 10883 | D:9      | Noticed an orc high priest
 10969 | D:9      | Found a shadowy altar of Dithmenos.
 11338 | D:9      | Found a staircase to the Lair.
 11362 | D:9      | Found a basalt altar of Yredelemnul.
 11373 | D:9      | Found a radiant altar of Vehumet.
 11797 | D:10     | Entered Level 10 of the Dungeon
 11842 | D:10     | Found a burning altar of Makhleb.
 12319 | D:10     | Noticed Josephine
 12325 | D:10     | Reached skill level 12 in Axes
 12334 | D:10     | Killed Josephine
 12336 | D:10     | Reached skill level 10 in Armour
 12348 | D:10     | Reached XP level 11. HP: 39/95 MP: 10/10
 12708 | D:10     | Noticed Nergalle
 12718 | D:10     | Killed Nergalle
 12814 | D:10     | Found an opulent altar of Gozag.
 12917 | D:10     | Found a staircase to the Orcish Mines.
 13115 | D:11     | Noticed a two-headed ogre
 13122 | D:11     | Killed a two-headed ogre
 13289 | D:11     | Reached *** piety under Hepliaklqana
 13295 | D:11     | Reached skill level 13 in Axes
 13927 | D:11     | You fall into a shaft and drop 1 floor!
 13927 | D:12     | Noticed Nessos
 13936 | D:12     | Shot with an arrow by Nessos

Illustrated notes

Levels and vault maps discovered:
D:1:      evilmike_arrival_crescent, layout_basic, ebering_ecumenical_altar_mist
D:2:      kennysheep_six_static_rooms, layout_basic, serial_shops,
          nicolae_shop_statue_plus, hangedman_feature_mirror
D:3:      layout_loops_corners, minivault_5
D:4:      layout_rooms, moated_statue, chequers_serial_rivers_marsh
D:5:      layout_rooms, led_sif_book, serial_shops,
          nicolae_shop_temple_entry_statues_fountains, fountainhead,
          corexii_corridor_pit
D:6:      layout_basic, minmay_temple_entry_offerings, st_stairs_7
D:7:      layout_cave_pools, serial_shops, nicolae_stop_n_shop_1, uniq_maggie
D:8:      layout_basic, uniq_psyche, uniq_gastronok
D:9:      gammafunk_wand_slinger, layout_loops_ring,
          nicolae_dithmenos_the_darkroom, mainiacjoe_overflow_big_doors,
          dpeg_oklobed_lair
D:10:     layout_small_grid, nicolae_gozag_cash_rules_everything_around_me,
          lemuel_round_altar, david_orc_4, serial_glass, glass_columns_b,
          glass_columns_a, minmay_strange_pillars, minmay_strange_pillars,
          amcnicky_mini_rare_corridor_liquid, nzn_life_drinkers, uniq_nergalle,
          uniq_josephine
D:11:     layout_roguey, nicolae_zen_rock_garden
D:12:     statuecave_lemuel, layout_basic, serial_shops, shop,
          gammafunk_ghost_grave, chequers_serial_rivers_marsh, uniq_sonja,
          uniq_nessos
Temple:   compressed_dpeg_circular_temple

Skill      XL: |  1  2  3  4  5  6  7  8  9 10 11 |
---------------+----------------------------------+-----
Evocations     | 1 2 3 4 5 6 7 |  7.3
Armour         | 4 5 6 7 9 10 | 10.6
Fighting       | 4 5 6 7 8 9 |  9.3
Shields        | 4 5 6 7 |  7.0
Axes           | 3 4 5 6 7 9 11 12 13 | 13.1

Action                   |  1- 3 |  4- 6 |  7- 9 | 10-12 || total
-------------------------+-------+-------+-------+-------++-------
Melee: War axe           |    81 |   136 |   196 |   196 ||   609
       Headbutt          |     8 |    20 |    48 |    49 ||   125
Invok: Ancestor Identity |       |       |     2 |       ||     2
       Ancestor Life: Ba |       |       |       |     1 ||     1
Evoke: Wand              |       |       |    11 |       ||    11
  Use: Scroll            |     3 |     5 |     5 |     6 ||    19
       Potion            |     3 |     2 |     5 |     2 ||    12
 Stab: Distracted        |       |       |       |     2 ||     2
Armor: Scale mail        |    48 |    67 |   119 |     2 ||   236
       Plate armour      |       |       |       |   149 ||   149
Dodge: Dodged            |    37 |    64 |   129 |    62 ||   292
Block: Buckler           |    18 |    43 |    59 |    56 ||   176
